 Dungeon Crawl Stone Soup version 0.19.1-1-g22dce08 (webtiles) character file.

8679 Atlantean the Blocker (level 11, -13/72 HPs)
             Began as a Gargoyle Fighter on Jan 10, 2017.
             Was a High Priest of Okawaru.
             Mangled by a komodo dragon (23 damage)
             ... on level 1 of the Lair of Beasts.
             The game lasted 00:12:27 (10364 turns).

Atlantean the Blocker (Gargoyle Fighter)           Turns: 10364, Time: 00:12:27

Health: -13/72     AC: 23    Str: 22    XL:     11   Next: 34%
Magic:  20/20      EV: 11    Int: 10    God:    Okawaru [*****.]
Gold:   233        SH:  6    Dex:  9    Spells: 0 memorised, 10 levels left

rFire  . . .     SeeInvis .     Q - +2 mace (protect)
rCold  . . .     Gourm    .     z - +0 leather armour (curse)
rNeg   + + +     Faith    +     Z - +0 buckler "Woanit Ojuu" {-Cast rN+++ MP+9}
rPois  ∞         Spirit   .     S - +0 helmet
rElec  +         Reflect  .     y - +0 cloak
rCorr  .         Harm     .     (no gloves)
MR     .....     NoCast   +     i - +0 pair of boots
Stlth  +.........               h - amulet of faith
                                (no ring)
                                (no ring)

@: protection aura
A: negative energy resistance 1, electricity resistance, unbreathing,
petrification resistance, rot immunity, AC +7
a: Heroism, Finesse, Renounce Religion


You were on level 1 of the Lair of Beasts.
You worshipped Okawaru.
Okawaru was extremely pleased with you.
You were hungry.

You visited 3 branches of the dungeon, and saw 12 of its levels.

You collected 499 gold pieces.
You spent 266 gold pieces at shops.

Inventory:

Hand Weapons
 a - a +0 flail
 w - a +2 whip of electrocution
 x - a +0 morningstar of protection
 K - a cursed +4 spear
 L - a +0 dire flail of protection
 M - a +3 trident
 Q - a +2 mace of protection (weapon)
 U - a +2 whip of draining
Missiles
 C - 4 tomahawks of dispersal (quivered)
Armour
 b - a +0 scale mail
 c - a +0 shield
 i - a +0 pair of boots (worn)
 y - a +0 cloak (worn)
 z - a cursed +0 leather armour (worn)
 I - a +2 buckler
 S - a +0 helmet (worn)
 Z - the +0 buckler "Woanit Ojuu" (worn) {-Cast rN+++ MP+9}
   (Okawaru gifted it to you on level 1 of the Lair of Beasts)

   It renders you almost immune to negative energy.
   It affects your magic capacity (+9).
   It prevents spellcasting.
Jewellery
 h - an amulet of faith (around neck)
 X - an uncursed ring of fire {unknown}
Wands
 u - a wand of flame (37/48)
 E - a wand of lightning (11/15)
 F - a wand of teleportation (4/9)
 V - a wand of polymorph (7/24)
Scrolls
 e - 13 scrolls of identify {unknown}
 m - 3 scrolls of fear {unknown}
 p - 2 scrolls of teleportation
 r - 4 scrolls of remove curse {unknown}
 t - 3 scrolls of enchant weapon {unknown}
 v - a scroll of magic mapping {unknown}
 A - 2 scrolls of enchant armour {unknown}
 B - a scroll of noise {unknown}
 D - 3 scrolls of immolation {unknown}
 N - a scroll of vulnerability {unknown}
 T - 2 scrolls of fog {unknown}
Potions
 d - 6 potions of might
 k - 6 potions of curing
 l - 2 potions of flight {unknown}
 n - a potion of ambrosia {unknown}
 o - a potion of invisibility {unknown}
 q - 6 potions of brilliance {unknown}
 s - a potion of cure mutation {unknown}
 G - a potion of degeneration {unknown}
 H - 3 potions of heal wounds
 O - a potion of agility {unknown}
 R - 2 potions of haste {unknown}
Books
 P - a book of Air

   Spells                             Type                      Level
   a - Shock                          Conjuration/Air              1
   b - Swiftness                      Charms/Air                   2
   c - Repel Missiles                 Charms/Air                   2
   d - Static Discharge               Conjuration/Air              3
   e - Lightning Bolt                 Conjuration/Air              5
 W - a Young Poisoner's Handbook

   Spells                             Type                      Level
   a - Sting                          Conjuration/Poison           1
   b - Mephitic Cloud                 Conjuration/Poison/Air       3
   c - Olgreb's Toxic Radiance        Poison                       4
   d - Alistair's Intoxication        Transmutation/Poison         5
   e - Venom Bolt                     Conjuration/Poison           5
Comestibles
 f - 7 bread rations
 g - 2 slices of pizza
 j - 9 fruits
 J - 2 meat rations
 Y - 6 chunks of flesh


   Skills:
 + Level 10.0 Fighting
 + Level 9.0 Maces & Flails
 + Level 10.1 Armour
 + Level 10.2 Shields


You had 10 spell levels left.
You didn't know any spells.

Dungeon Overview and Level Annotations

Branches:
Dungeon (10/15)            Temple (1/1) D:6            Lair (1/6) D:10
    Orc: D:9-12

Altars:
Ashenzari
Cheibriados
Dithmenos
Elyvilon
Fedhas
Gozag
Hepliaklqana
Kikubaaqudgha
Makhleb
Nemelex Xobeh
Okawaru
Qazlal
Ru
Sif Muna
Trog
Uskayaw
Vehumet
Xom
Yredelemnul
Zin
The Shining One

Shops:
D:4 *   D:7 !


Innate Abilities, Weirdness & Mutations

You are resistant to torment.
Your stone body is resilient. (AC +7)
You are immune to poison.
You resist negative energy. (rN+)
You are resistant to electric shocks. (rElec)
You can survive without breathing.
You are immune to petrification.
You are immune to rotting.


Message History

You hit the black mamba but do no damage.
The black mamba is severely wounded.
The black mamba closely misses you. The black mamba bites you!
You sock the black mamba!
You kill the black mamba!
Okawaru accepts your kill.
Your Maces & Flails skill increases to level 9!
You hit the komodo dragon but do no damage.
The komodo dragon closely misses you.
You hit the komodo dragon but do no damage.
The komodo dragon bites you but does no damage.
You barely miss the komodo dragon. The komodo dragon bites you!
* * * LOW HITPOINT WARNING * * *
You hit the komodo dragon.
The komodo dragon is lightly wounded.
You block the komodo dragon's attack.
You hit the komodo dragon but do no damage.
The komodo dragon is lightly wounded.
The komodo dragon bites you!!
You die...

.( ##.# ###..### #. ##
#......# # ####.##.####
#......# ##### #..........
#......# #....
#.........####......# ###....
..........##@.......###.'.(..
#..........#l#..........#....
#.........#..#......#.###....
#.........'.##......### #....
..........####.###### ##÷##
#####..#### ### #.## ....#
#..# ...... ##.. ..... ##.


You could see a komodo dragon.

Vanquished Creatures
  Pikel (D:4)
  A centaur zombie (D:8)
  A black mamba (Lair:1)
  A spiny frog (Lair:1)
  A queen bee (D:8)
  A two-headed ogre (D:8)
  3 wyverns (D:9)
  10 yaks
  A basilisk (Lair:1)
  Edmund (D:6)
  A porcupine (Lair:1)
  2 orc warriors (D:7)
  2 ice beasts
  3 phantoms
  A necrophage (D:9)
  3 sky beasts
  7 ogres
  A black bear (D:8)
  4 centaurs
  A crocodile (D:9)
  5 bullfrogs
  A gnoll sergeant (D:6)
  A wyvern skeleton (D:10)
  3 scorpions (D:7)
  12 killer bees (D:8)
  5 wights (D:8)
  3 howler monkeys (D:9)
  4 crimson imps
  A bullfrog zombie (D:5)
  2 hounds
  5 orc priests
  10 orc wizards
  A centaur skeleton (D:8)
  2 bullfrog skeletons
  4 iguanas
  Jessica (D:3)
  3 worker ants
  A hound zombie (D:6)
  A worker ant zombie (D:8)
  6 adders
  3 gnolls (D:6)
  A shadow imp (D:9)
  2 oozes
  An adder skeleton (D:5)
  3 worms
  A dart slug (D:2)
  4 leopard geckos
  44 orcs
  3 giant cockroaches
  7 goblins
  8 hobgoblins
  10 jackals
  9 kobolds
  6 quokkas
  10 bats
  3 frilled lizards
  A leopard gecko skeleton (D:5)
  A leopard gecko zombie (D:8)
  10 rats
  A plant (D:10)
245 creatures vanquished.

Vanquished Creatures (others)
  A slave (D:5)
  3 orcs (D:5)
  A frilled lizard (D:5)
  2 fungi (Lair:1)
  5 plants (D:8)
12 creatures vanquished.

Grand Total: 257 creatures vanquished

Notes
Turn   | Place    | Note
-------+----------+-------------------------------------------
     0 | D:1      | Atlantean the Gargoyle Fighter began the quest for the Orb.
     0 | D:1      | Reached XP level 1. HP: 14/14 MP: 1/1
   194 | D:1      | Reached XP level 2. HP: 19/19 MP: 2/2
   806 | D:2      | Reached XP level 3. HP: 15/24 MP: 3/3
  1884 | D:3      | Reached XP level 4. HP: 29/29 MP: 4/4
  2062 | D:3      | Noticed Jessica
  2072 | D:3      | Killed Jessica
  2196 | D:3      | Reached XP level 5. HP: 23/33 MP: 5/5
  2458 | D:3      | Found an opulent altar of Gozag.
  2527 | D:4      | Found a bloodstained altar of Trog.
  2557 | D:4      | Noticed an ogre
  2571 | D:4      | Killed an ogre
  2571 | D:4      | Reached XP level 6. HP: 4/39 MP: 6/6
  2830 | D:4      | Noticed a phantom
  2882 | D:4      | Killed a phantom
  2882 | D:4      | Reached skill level 5 in Armour
  2886 | D:4      | Reached skill level 5 in Fighting
  2886 | D:4      | Reached skill level 5 in Shields
  2886 | D:4      | Reached XP level 7. HP: 4/44 MP: 7/7
  3194 | D:4      | Found Ager's Assorted Antiques.
  3788 | D:4      | Found a radiant altar of Vehumet.
  3865 | D:5      | Entered Level 5 of the Dungeon
  3926 | D:5      | Noticed Pikel
  3960 | D:4      | Killed Pikel
  3960 | D:4      | Reached skill level 5 in Maces & Flails
  3960 | D:4      | Reached XP level 8. HP: 50/51 MP: 8/8
  4106 | D:5      | HP: 2/52 [ogre/giant spiked club (4)]
  4427 | D:5      | Found a sacrificial altar of Ru.
  4638 | D:5      | Found a hazy altar of Hepliaklqana.
  4797 | D:6      | Found an ancient bone altar of Kikubaaqudgha.
  4820 | D:6      | Found an opulent altar of Gozag.
  4834 | D:6      | Found a staircase to the Ecumenical Temple.
  4844 | Temple   | Entered the Ecumenical Temple
  5082 | Temple   | Became a worshipper of Warmaster Okawaru
  5354 | D:6      | Reached * piety under Okawaru
  5354 | D:6      | Reached XP level 9. HP: 53/56 MP: 9/9
  5729 | D:6      | Noticed Edmund
  5824 | D:6      | Killed Edmund
  6062 | D:7      | Found a shadowy altar of Dithmenos.
  6063 | D:7      | Found a shimmering altar of Xom.
  6079 | D:7      | Found a stormy altar of Qazlal.
  6330 | D:7      | Reached ** piety under Okawaru
  6576 | D:7      | Found Zaifut's Distillery.
  6584 | D:7      | Bought a potion of heal wounds for 70 gold pieces
  6584 | D:7      | Bought 2 potions of curing for 84 gold pieces
  6584 | D:7      | Bought a potion of might for 56 gold pieces
  6584 | D:7      | Bought a potion of might for 56 gold pieces
  7012 | D:8      | Noticed a two-headed ogre
  7020 | D:8      | Killed a two-headed ogre
  7020 | D:8      | Reached *** piety under Okawaru
  7282 | D:8      | Reached XP level 10. HP: 59/64 MP: 10/10
  7707 | D:8      | Reached **** piety under Okawaru
  9191 | D:9      | Reached ***** piety under Okawaru
  9310 | D:9      | Found a white marble altar of Elyvilon.
  9692 | D:9      | Reached XP level 11. HP: 57/71 MP: 11/11
  9700 | D:9      | Received a gift from Okawaru
  9920 | D:10     | Entered Level 10 of the Dungeon
  9981 | D:10     | Found a staircase to the Lair.
 10011 | Lair:1   | Entered Level 1 of the Lair of Beasts
 10137 | Lair:1   | Reached skill level 10 in Shields
 10193 | Lair:1   | Received a gift from Okawaru
 10209 | Lair:1   | Reached skill level 10 in Fighting
 10209 | Lair:1   | Reached skill level 10 in Armour
 10217 | Lair:1   | Got a bloodstained buckler {god gift}
 10228 | Lair:1   | Identified the +0 buckler "Woanit Ojuu" {-Cast rN+++ MP+9} (Okawaru gifted it to you on level 1 of the Lair of Beasts)
 10364 | Lair:1   | Mangled by a komodo dragon

Skill      XL: |  1  2  3  4  5  6  7  8  9 10 11 |
---------------+----------------------------------+-----
Armour         | 4 5 6 8 9 10 | 10.1
Fighting       | 4 5 6 8 9 10 | 10.0
Shields        | 4 5 6 8 9 10 | 10.2
Maces & Flails | 3 4 5 6 7 8 9 |  9.0

Action                   |  1- 3 |  4- 6 |  7- 9 | 10-12 || total
-------------------------+-------+-------+-------+-------++-------
Melee: Flail             |   180 |    56 |       |       ||   236
       Morningstar       |       |   110 |    89 |       ||   199
       Whip              |       |     7 |   163 |       ||   170
       Dire flail        |       |       |   151 |    15 ||   166
       Mace              |       |       |       |   585 ||   585
  Use: Potion            |       |     1 |       |     1 ||     2
       Scroll            |       |       |       |     1 ||     1
  Eat: Chunk             |     3 |     4 |    15 |    10 ||    32
Armor: Scale mail        |   106 |    56 |       |       ||   162
       Leather armour    |       |    28 |   168 |   294 ||   490
Dodge: Dodged            |    64 |    59 |   149 |   276 ||   548
Block: Shield            |   111 |   101 |    87 |       ||   299
       Buckler           |       |       |     7 |   228 ||   235
